[Event "Late-Titled-Tuesday-Blitz-November-28-2023"]
[Site "Chess.com"]
[Date "2023.11.28"]
[Round "2"]
[White "elchacal664"]
[Black "Alex_Banzea"]
[Result "1/2-1/2"]
[WhiteElo "2352"]
[BlackElo "2672"]
[TimeControl "180+1"]
[EndTime "14:18:20 PST"]
[Termination "Game drawn - insufficient material"]

1. e4 c5 2. c3 d5 3. exd5 Qxd5 4. d4 g6 5. Nf3 Bg7 6. Na3 cxd4 7. Nb5 Na6 8. Nbxd4 Nf6 9. Be2 O-O 10. O-O Nc5 11. Nb5 Na6 12. Be3 Bd7 13. c4 Qxd1 14. Raxd1 Bxb5 15. cxb5 Nc7 16. Bc5 Ncd5 17. Ba3 Rfd8 18. Bc4 e6 19.
Bb3 Bf8 20. Bxf8 Kxf8 21. Bxd5 Nxd5 22. Rd4 Rac8 23. Rfd1 Rc2 24. R4d2 Rdc8 25. g3 R8c5 26. a4 R5c4 27. b3 Rxd2 28. Rxd2 Rc3 29. Nd4 Nb4 30.
f4 Nd3 31. Kf1 Nc5 32. b4 Nxa4 33. Ra2 Rc1+ 34. Kg2 Nc3 35. Rxa7 Rd1 36. Nf3 Rd7 37. Ne5 Re7 38. b6 Nd5 39. Nc4 Nxb4 40. Nd6 Nd5 41. Rxb7 Rxb7 42. Nxb7 Nxb6 43. Nc5 Nd5 44. Ne4 Ke7 45. Ng5 h6 46. Ne4 f5 47. Nd2 Kf6 48.
Nf3 Ne3+ 49. Kf2 Nc4 50. Ke2 e5 51. fxe5+ Nxe5 52. Nd4 g5 53. h3 Nc4 54. Kf3 Nd6 55. Nc6 Ne4 56. g4 Nd2+ 57. Ke2 Nc4 58. Nd4 f4 59.
Nf5 Kg6 60. Ne7+ Kh7 61. Kf3 Ne5+ 62. Ke4 Ng6 63. Nf5 Nf8 64. h4 Ne6 65. hxg5 hxg5 66.
Nd6 Nc5+ 67. Kf5 f3 68. Nc4 f2 69. Ne3 Nd3 70. Kxg5 Ne5 71. Kf4 Nxg4 72. Kf3 Nh2+ 73. Kxf2 1/2-1/2

[Event "Late-Titled-Tuesday-Blitz-November-28-2023"]
[Site "Chess.com"]
[Date "2023.11.28"]
[Round "2"]
[White "FaustinoOro"]
[Black "DraningWaterHi"]
[Result "1-0"]
[WhiteElo "2846"]
[BlackElo "2161"]
[TimeControl "180+1"]
[EndTime "14:18:21 PST"]
[Termination "FaustinoOro won by checkmate"]

1. d4 Nf6 2. c4 g6 3. Nc3 Bg7 4. e4 d6 5. Nf3 O-O 6. Be2 e5 7. O-O Nc6 8. Be3 Ng4 9. Bg5 f6 10. Bh4 exd4 11. Nxd4 Nxd4 12. Qxd4 Ne5 13. Rad1 Qe8 14.
Nd5 Qf7 15. f4 Nc6 16. Qd2 f5 17. exf5 Bxf5 18. Kh1 Nd4 19. Bd3 Bxd3 20. Qxd3 Nf5 21. Bf2 Rfd8 22. b3 c6 23. Nc3 h5 24. Ne4 Bh6 25. Bd4 Nxd4 26. Qxd4 Bg7 27. Qd3 d5 28. Ng5 Qf5 29. Qe2 d4 30. h3 Re8 31.
Qf2 Bf6 32. Nf3 c5 33. b4 b6 34. bxc5 bxc5 35. Rb1 Rab8 36. Rxb8 Rxb8 37. Qe2 Rb1 38. Nd2 Rxf1+ 39. Qxf1 Qe6 40. Nf3 Qe3 41. Qb1 Qxf4 42.
Qxg6+ Kf8 43. Qxh5 Qd6 44. Nd2 Be7 45. Qf5+ Ke8 46.
Qe4 Qg3 47. Nf3 Qf2 48. Ne5 Qf1+ 49. Kh2 Qf6 50. Qa8+ Bd8 51. Nf3 Qd6+ 52. Kg1 Ke7 53. Qe4+ Kd7 54. Qf5+ Kc7 55. h4 d3 56. Nd2 Bxh4 57. Qh7+ Be7 58. Qe4 Bf6 59. Kf1 Bd4 60. Qxd3 Qf4+ 61. Nf3 Qc1+ 62. Ke2 Qh1 63. Qg6 Kb7 64.
Qe4+ Kb6 65. Nxd4 cxd4 66. Qxd4+ Ka5 67. Qxa7+ Kb4 68. Qb7+ Kxc4 69. Qe4+ Kb5 70. a4+ Ka5 71. Kf3 Qf1+ 72. Kg4 Qf7 73. Qf5+ Qxf5+ 74. Kxf5 Kxa4 75. g4 Kb5 76. g5 Kc4 77. g6 Kd5 78. g7 Kd6 79.
g8=Q Ke7 80. Qe6+ Kf8 81. Qd7 Kg8 82. Kf6 Kh8 83. Qg7# 1-0

[Event "Late-Titled-Tuesday-Blitz-November-28-2023"]
[Site "Chess.com"]
[Date "2023.11.28"]
[Round "2"]
[White "Goryachkina"]
[Black "GHANDEEVAM2003"]
[Result "1-0"]
[WhiteElo "2644"]
[BlackElo "3131"]
[TimeControl "180+1"]
[EndTime "14:18:23 PST"]
[Termination "Goryachkina won by resignation"]

1. e4 c6 2. d4 d5 3. Nd2 dxe4 4. Nxe4 Bf5 5. Ng3 Bg6 6. h4 h6 7. Nf3 e6 8. Ne5 Bh7 9. Bd3 Bxd3 10. Qxd3 Nf6 11. Bf4 Qa5+ 12. c3 Nbd7 13. O-O Be7 14. Nc4 Qd8 15. Nd6+ Bxd6 16. Bxd6 Nd5 17. c4 N5b6 18.
d5 Qxh4 19. dxe6 Nf6 20. Rfe1 Qxc4 21. exf7+ Kd7 22. Qxc4 Nxc4 23. f8=Q Rhxf8 24. Bxf8 Rxf8 25. Rad1+ Nd5 26. b3 Nd6 27. Ne4 b6 28. Nxd6 Kxd6 29. Re4 a5 30. f3 Rf6 31. Kf2 b5 32. Rd2 Kc5 33. Rc2+ Kb6 34. g3 g5 35. Rd2 Kc5 36.
Rc2+ Kb6 37. Rd2 h5 38. Re5 g4 39. f4 h4 40. gxh4 Rxf4+ 41. Kg3 Rf1 42. Kxg4 Kc5 43. Ree2 a4 44. h5 Rg1+ 45. Kf5 Rh1 46. Rh2 Rf1+ 47. Ke5 Re1+ 48. Kf5 Ne3+ 49. Kg6 Nf1 50. Rc2+ Kb4 51. Rh4+ Ka3 52. bxa4 b4 53. Rxc6 Ne3 54. a5 Rg1+ 55. Kf7 Nf5 56. Rf4 Ng3 57. h6 Rh1 58. a6 Ne2 59.
Rf3+ Kxa2 60. a7 Nd4 61. a8=Q+ Kb2 62. Rcf6 Nxf3 63. Qxf3 Rh2 64. Qf2+ Rxf2 65. Rxf2+ Kc3 66. h7 1-0

[Event "Late-Titled-Tuesday-Blitz-November-28-2023"]
[Site "Chess.com"]
[Date "2023.11.28"]
[Round "2"]
[White "Byniolus"]
[Black "whitemirrorninja"]
[Result "0-1"]
[WhiteElo "2777"]
[BlackElo "2540"]
[TimeControl "180+1"]
[EndTime "14:18:25 PST"]
[Termination "whitemirrorninja won on time"]

1. d4 Nf6 2. Nf3 g6 3. Bf4 b6 4. e3 Bb7 5. h3 Bg7 6. Be2 O-O 7.
O-O d6 8. a4 a6 9. c3 Nbd7 10.
Nbd2 Ne4 11. Nxe4 Bxe4 12. Nd2 Bb7 13. Bf3 Bxf3 14. Qxf3 e5 15. Bh2 f5 16. Qc6 f4 17.
dxe5 fxe3 18. exd6 exd2 19. dxc7 Qe7 20. Rad1 Ne5 21. Qxb6 Rac8 22. Qxa6 Rxc7 23. Rxd2 Ra7 24. Qb5 Rd7 25. Re2 Rf5 26. Rfe1 Nf3+ 27. Kh1 Rxb5 28. Rxe7 Nxe1 29. Rxd7 Rxb2 30. c4 Rxf2 31. Bg3 Rf1+ 32. Kh2 Nc2 33. c5 Nd4 34. Rxg7+ Kxg7 35. Be5+ Kf7 36.
Bxd4 Rf4 37. Be5 Rxa4 38. Bd6 Rc4 39. Kg3 Kf6 40. Kf3 h5 41. g3 Rc3+ 42. Ke4 Ke6 43. Kd4 Rc1 44. h4 Rc2 45. Bf4 Ra2 46. c6 Rc2 47. c7 Rc6 48. Ke4 Rc4+ 49. Kd3 Rc6 50.
Kd4 Rc2 51. Ke3 Kd5 52. Kd3 Rc6 53. Ke2 Ke6 54. Kf3 Kf5 55. Ke3 Ke6 56. Ke4 Rc2 57.
Kd4 Rc6 58. Ke3 Rc4 59. Kd2 Rc6 60. Kd3 Kd5 61. Ke3 Rc4 62. Kf3 Rc3+ 63. Kg2 Rc6 64.
g4 hxg4 65. Kg3 Ke4 66. Kxg4 Rc4 67. Kg5 Kd5 68. Kxg6 Ke6 69. h5 Kd7 70. Kg5 Rc5+ 71. Kg4 Ke6 72. h6 Kf7 0-1

[Event "Late-Titled-Tuesday-Blitz-November-28-2023"]
[Site "Chess.com"]
[Date "2023.11.28"]
[Round "2"]
[White "Bala-Afiada"]
[Black "emeli_chess"]
[Result "0-1"]
[WhiteElo "1862"]
[BlackElo "2376"]
[TimeControl "180+1"]
[EndTime "14:18:44 PST"]
[Termination "emeli_chess won by resignation"]

1. d4 Nf6 2. c4 e6 3. g3 Bb4+ 4. Bd2 Bxd2+ 5. Nxd2 d5 6. Ngf3 c6 7. Bg2 O-O 8. O-O Nbd7 9. Qc2 Qe7 10. e4 dxe4 11. Nxe4 Nxe4 12. Qxe4 Nf6 13. Qc2 Rd8 14. Rad1 Bd7 15. Ne5 Be8 16. c5 Nd5 17. Nc4 f6 18. Nd6 Bg6 19. Qb3 b6 20. Rfe1 bxc5 21. dxc5 Rab8 22. Qa3 Qd7 23. Rd2 h6 24. Rde2 e5 25. b3 Kh8 26. Qc1 Nc7 27. Qc4 Ne6 28. Bh3 Re8 29. b4 Re7 30. f4 Rf8 31. f5 Nd4 32.
Rf2 Bh7 33. a3 Bg8 34. Qd3 Bd5 35. Bg2 Bxg2 36. Kxg2 Rd8 37. Qe4 Nb5 38. a4 Nxd6 39. cxd6 Qxd6 40. Rc1 Qd5 41. Qxd5 cxd5 42. b5 d4 43. a5 e4 44. b6 axb6 45. axb6 e3 46. Rff1 d3 47. Rc7 Rxc7 48. bxc7 Rc8 49. Rd1 d2 50. Kf3 Rxc7 51. Kxe3 Rc5 52. Rxd2 Rxf5 53. Ke4 Re5+ 54. Kf4 Kh7 55. Rd7 h5 56. h4 Kh6 57.
Kf3 g5 58. Rd8 g4+ 59. Kf4 Kg6 60. Rg8+ Kf7 61. Rb8 Rc5 62. Rb7+ Kg6 63. Rb6 Rc4+ 64. Ke3 Rc3+ 65. Kf4 Rf3+ 66. Ke4 Rxg3 67. Rb5 Rh3 68. Kf4 Rxh4 69. Rb8 Rh3 70. Rg8+ Kf7 71. Rh8 Rf3+ 72. Ke4 Rh3 73. Kf4 Rh1 74. Rh7+ Kg6 75. Rb7 Rf1+ 76. Ke3 g3 77. Ke2 g2 78. Rb8 g1=Q 79. Rg8+ Kf7 80. Rxg1 Rxg1 81. Kf2 Rg6 82. Kf3 h4 83. Kf4 h3 0-1

[Event "Late-Titled-Tuesday-Blitz-November-28-2023"]
[Site "Chess.com"]
[Date "2023.11.28"]
[Round "2"]
[White "zouchen6"]
[Black "Staudenhocker43"]
[Result "1-0"]
[WhiteElo "2755"]
[BlackElo "2516"]
[TimeControl "180+1"]
[EndTime "14:18:49 PST"]
[Termination "zouchen6 won on time"]

1. Nf3 Nf6 2. d4 g6 3. c4 Bg7 4. Nc3 O-O 5. e4 d6 6. Be2 e5 7. O-O Nc6 8. d5 Ne7 9. b4 a5 10. bxa5 c5 11. a4 Rxa5 12. Ra3 Ne8 13. Nb5 Ra6 14.
Ne1 f5 15. exf5 Bxf5 16. Bb2 Bh6 17. Kh1 Nc7 18. Nc3 Rb6 19. Bc1 Bxc1 20. Qxc1 Rb4 21. a5 Na6 22. g4 Bd7 23. Qc2 b6 24. axb6 Rxb6 25. Ne4 Nb4 26. Qd2 Kg7 27. Rh3 Ng8 28. f4 exf4 29. Rxf4 Qe7 30. Rxf8 Kxf8 31. Qf4+ Kg7 32.
Ng5 h6 33. Ne4 g5 34. Qe3 Qe5 35. Nf3 Qa1+ 36. Kg2 Bxg4 37. Rxh6 Bxf3+ 38. Bxf3 Nxh6 39. Qxg5+ Kf8 40. Qd8+ Kg7 41. Qc7+ Nf7 42. Qxb6 Qb2+ 43. Nf2 Qe5 44. Qc7 Qg5+ 45. Ng4 Qf4 46. Qe7 Nd3 47. Qe3 Qxe3 48. Nxe3 Nde5 49. Be2 Kf6 50. Kf2 Kg5 51. h3 Kf4 52. Ng2+ Ke4 53. h4 Kd4 54. Ne3 Nh6 55.
h5 Ke4 56. Ng2 Kd4 57. Ne3 Ke4 58. Nc2 Kf4 59. Na3 Nf5 60. Nb5 Ke4 61. Bf1 Kf4 62. Be2 Kg5 63. Nc7 Nf7 64. Ne6+ Kf6 65. Nf4 Nd4 66. Bf1 Kf5 67. Nd3 Kg5 68. Be2 Nh6 69.
Bd1 Nhf5 70. Ke1 Ng7 71. Nf2 Nxh5 72. Ne4+ Kg6 73. Bxh5+ Kxh5 74. Nxd6 Kg6 75. Kd2 Kf6 76. Nb7 Ke5 77. Kc3 Ne2+ 78. Kd3 Nf4+ 79. Ke3 Nxd5+ 80.
Kd3 1-0

[Event "Late-Titled-Tuesday-Blitz-November-28-2023"]
[Site "Chess.com"]
[Date "2023.11.28"]
[Round "2"]
[White "Hasangatin_Ramil"]
[Black "semchik73"]
[Result "1/2-1/2"]
[WhiteElo "2690"]
[BlackElo "2405"]
[TimeControl "180+1"]
[EndTime "14:18:53 PST"]
[Termination "Game drawn by stalemate"]

1. e4 Nf6 2. d3 d5 3. Nd2 dxe4 4. dxe4 e5 5. Ngf3 Nc6 6. Bb5 Bc5 7. O-O O-O 8. c3 Bg4 9. h3 Bh5 10. Bxc6 bxc6 11. Qe2 Qe7 12. Nc4 Qe6 13. b3 a5 14.
Be3 Nxe4 15. Bxc5 Nxc5 16. Qxe5 Bxf3 17. Qxc5 Qg6 18. Ne3 Rfe8 19. Qf5 Be4 20. Qxg6 Bxg6 21. Rfd1 Rad8 22. Kf1 Bd3+ 23. Ke1 Be4 24. Rxd8 Rxd8 25. Rd1 Rxd1+ 26. Kxd1 f5 27. f3 Bb1 28. a3 Kf7 29. Nc4 Ke6 30. Nxa5 Bd3 31. Ke1 Kd5 32. h4 f4 33. Kf2 Bc2 34. g3 fxg3+ 35. Kxg3 Kc5 36. Kf4 Kb5 37. b4 c5 38. Ke5 cxb4 39. axb4 c5 40. Nb7 cxb4 41. Nd6+ Kc5 42. cxb4+ Kxb4 43. Ne8 g6 44. Nf6 h5 45. Kf4 Kc4 46. Kg5 Kd4 47.
f4 Ke3 48. Nd5+ Kf3 49. Ne7 Kg3 50. Nc6 Bb1 51. Nd4 Kh3 52. Ne2 Kg2 53. Nc3 Bd3 54. Nd5 Kg3 55. Ne7 Bc2 56. Nc8 Bd3 57. Nb6 Bc2 58. Nc4 Bd3 59. Na5 Bc2 60. Nc6 Bd3 61.
Nb4 Bb1 62. Nd5 Bc2 63. Nc3 Bd3 64. Nd1 Bb1 65. Ne3 Be4 66. Nc4 Bc2 67. Ne5 Bb1 68. f5 Bxf5 69. Nf7 Kh3 70. Nd6 Kg3 71. Nc4 Kh3 72.
Ne5 Kg3 73. Nc4 Kh3 74. Nd2 Kg3 75. Nf1+ Kf2 76. Nd2 Ke3 77. Nb3 Kd3 78. Nc5+ Kd4 79. Nb3+ Ke5 80. Nd2 Kd4 81. Nf3+ Ke3 82. Ne5 Ke4 83.
Nxg6 Bxg6 84. Kxg6 Kf4 85. Kxh5 Kf5 86. Kh6 Kf6 87.
Kh7 Kf7 88. Kh8 Kf8 89. h5 Kf7 90. Kh7 Kf8 91. Kg6 Kg8 92. h6 Kh8 93. h7 1/2-1/2

[Event "Late-Titled-Tuesday-Blitz-November-28-2023"]
[Site "Chess.com"]
[Date "2023.11.28"]
[Round "2"]
[White "ThePeacefulPanda"]
[Black "krzyzan94"]
[Result "1/2-1/2"]
[WhiteElo "2528"]
[BlackElo "2746"]
[TimeControl "180+1"]
[EndTime "14:18:56 PST"]
[Termination "Game drawn - insufficient material"]

1. Nf3 Nf6 2. d4 e6 3. c4 Bb4+ 4. Bd2 c5 5. e3 O-O 6. a3 Bxd2+ 7.
Qxd2 cxd4 8. Nxd4 d5 9. Nf3 Nc6 10. Be2 Ne4 11. Qc1 Qa5+ 12. Nbd2 dxc4 13. O-O Nxd2 14. Nxd2 b5 15. a4 Rd8 16. Rd1 Bb7 17. axb5 Qxb5 18. Bxc4 Qh5 19. Nf3 Ne5 20. Nxe5 Qxe5 21.
Bf1 Rxd1 22. Qxd1 Bd5 23. b4 h5 24. b5 Bb3 25. Qc1 Rd8 26. Qa3 Rd7 27. Rb1 Bd5 28. Qb2 Qxb2 29. Rxb2 Rc7 30. Rb1 f5 31.
Be2 h4 32. Bf3 Bxf3 33. gxf3 Rc5 34. h3 Kf7 35. f4 Ke7 36. Ra1 Rxb5 37. Rxa7+ Kf6 38.
Kg2 Rb2 39. Ra6 Rb1 40. Rc6 g6 41. Rd6 Rb3 42. Rc6 Rd3 43. Rb6 Rd5 44. Rc6 Ke7 45.
Rb6 Rd6 46. Rb7+ Kf6 47. Kf3 e5 48. fxe5+ Kxe5 49. Rb5+ Kf6 50. Rb4 g5 51. Kg2 Rc6 52.
Ra4 Rd6 53. Rb4 Ke5 54. Ra4 Rd5 55. Rb4 Kf6 56. Ra4 Kg6 57. Rb4 Kh5 58. Rb8 Rd6 59.
Rh8+ Rh6 60. Rf8 Kg6 61. Rg8+ Kf6 62. Rf8+ Ke6 63. Rg8 Kf6 64. Rf8+ Ke6 65. Ra8 Rh7 66. Ra6+ Ke5 67. Ra5+ Kf6 68. Ra6+ Ke5 69. Rg6 Rh5 70. Kf3 g4+ 71. Kg2 gxh3+ 72. Kxh3 Ke4 73. Re6+ Kf3 74. Rf6 Ke4 75. Re6+ Kf3 76. Rf6 Ke4 77. Rf8 Rh7 78. Re8+ Kf3 79. Rf8 Rh5 80. Rf7 Kxf2 81.
e4 Ke3 82. Rxf5 Rh8 83. e5 Ke4 84. Rg5 Kf4 85. Rg4+ Kxe5 86. Rg1 Kf5 87. Rf1+ Ke4 88. Re1+ Kf3 89. Rf1+ Ke2 90. Rf6 Ke3 91. Rg6 Kf4 92. Rf6+ Kg5 93. Ra6 Re8 94. Ra5+ Kf4 95. Kxh4 Rh8+ 96.
Rh5 Rf8 97. Ra5 Rh8+ 98. Rh5 Rxh5+ 99. Kxh5 1/2-1/2

[Event "Late-Titled-Tuesday-Blitz-November-28-2023"]
[Site "Chess.com"]
[Date "2023.11.28"]
[Round "2"]
[White "TimGrutter03"]
[Black "szefru"]
[Result "1/2-1/2"]
[WhiteElo "2543"]
[BlackElo "2336"]
[TimeControl "180+1"]
[EndTime "14:18:56 PST"]
[Termination "Game drawn - insufficient material"]

1. c4 Nf6 2. Nf3 g6 3. Nc3 Bg7 4. e4 c5 5. d3 d6 6. h3 O-O 7.
Be2 Nc6 8. O-O Nd7 9. Rb1 Kh8 10.
a3 Nde5 11. Bd2 Nxf3+ 12. Bxf3 Nd4 13. b4 f5 14. Nd5 e6 15. Nc3 Rb8 16. g3 f4 17. Bg2 f3 18. Bh1 e5 19. Be3 Bxh3 20. Re1 Bg4 21. Qd2 Ne2+ 22. Nxe2 fxe2 23. Bg5 Bf6 24.
Bh6 Bg7 25. Bg5 Qd7 26. Qe3 Qf7 27. bxc5 dxc5 28. Qxc5 h6 29. Bd2 b6 30. Qe3 Rbd8 31.
Rb3 Rd7 32. Bb4 Rfd8 33. f3 Be6 34. Qxe2 b5 35. Rc3 bxc4 36. dxc4 Rc7 37. c5 Rdc8 38. Rd1 Rc6 39. Rd6 Rxd6 40. cxd6 Rxc3 41. Bxc3 Qd7 42.
Qd2 Bf8 43. Bxe5+ Kh7 44. Bg2 Qb5 45. Bc3 Qc5+ 46. Qd4 Bxd6 47. Kh2 Qxd4 48. Bxd4 Bxa3 49. Bxa7 Bd6 50. f4 g5 51. f5 Bd7 52. Bd4 Kg8 53. e5 Bxe5 54. Bxe5 Bxf5 55. Bd5+ Kh7 56. Kg2 Kg6 57.
Kf3 h5 58. Bd4 Bg4+ 59. Ke4 h4 60. gxh4 gxh4 61. Kf4 Bf5 62. Bf2 h3 63. Bg3 Bd7 64. Ke5 Bg4 65. Be4+ Kg5 66. Kd6 Bc8 67. Ke5 Kg4 68. Bh2 Bd7 69. Bd5 Bc8 70. Kd6 Bf5 71. Ke7 Bc8 72. Kf6 Bd7 73. Bb7 Bf5 74. Ba6 Bd7 75.
Bc4 Kf3 76. Bd5+ Kf2 77. Kg5 Bc8 78. Kh4 Bd7 79. Bb7 Be6 80. Bc6 Ke3 81. Bb5 Kf2 82. Bd3 Bd7 83. Bg6 Bc8 84. Bh5 Bd7 85. Bf7 Bc8 86.
Bc4 Bd7 87. Bd5 Bc8 88. Kg5 Bd7 89. Kf4 Bc8 90. Ke4 Bg4 91. Kd4 Bf3 92. Bxf3 Kxf3 93.
Be5 Kg2 94. Ke3 h2 95. Bxh2 1/2-1/2

[Event "Late-Titled-Tuesday-Blitz-November-28-2023"]
[Site "Chess.com"]
[Date "2023.11.28"]
[Round "2"]
[White "JuniorJumper"]
[Black "SergioMoralesG"]
[Result "1/2-1/2"]
[WhiteElo "2548"]
[BlackElo "2343"]
[TimeControl "180+1"]
[EndTime "14:19:03 PST"]
[Termination "Game drawn by repetition"]

1. b3 e5 2. Bb2 Nc6 3. e3 a6 4. c4 Nf6 5. Nc3 Be7 6. d4 exd4 7.
exd4 d5 8. Nf3 Bg4 9. c5 b6 10.
cxb6 cxb6 11. Be2 O-O 12. O-O Ne4 13. Rc1 Qd6 14. Nxe4 dxe4 15. Ne5 Bxe2 16. Qxe2 Nxd4 17. Bxd4 Qxd4 18. Nc6 Qf6 19. Qxe4 Bc5 20. b4 Rfe8 21.
Qd5 Bf8 22. Rfe1 b5 23. a3 Rac8 24. Rxe8 Rxe8 25. g3 Re2 26. Rf1 g6 27. Na5 h5 28.
h4 Bh6 29. Nb3 Kg7 30. Nc5 Qb2 31. Qf3 Rd2 32. Re1 Rd6 33. Re7 Rf6 34. Qg2 Qxa3 35. Nd7 Rf5 36. Re8 Qxb4 37. Qa8 Bd2 38. Rg8+ Kh6 39.
Qf8+ Kh7 40. Qxb4 Bxb4 41. Ra8 Kg7 42. Rxa6 Rd5 43. Nb8 Rd1+ 44. Kg2 Rd2 45. Rc6 Be7 46. Na6 Bf6 47. Nb4 Bd4 48. Kh3 Rxf2 49. Rc7 Bf6 50. Rb7 Rf1 51. Rxb5 Rf3 52. Kg2 Rb3 53. Rb6 Be7 54.
Nd5 Rxb6 55. Nxb6 f6 56. Nd5 Bd8 57. Kf3 Kf7 58. Ne3 Ke6 59. Nc2 Bc7 60. Nd4+ Kf7 61. Nb5 Be5 62. Na3 Ke6 63. Nc4 Kd5 64. Nb6+ Kc6 65. Nc4 Bc7 66. Ne3 Kd7 67. g4 Ke6 68.
gxh5 gxh5 69. Ng2 Ba5 70. Nf4+ Kf5 71. Nxh5 Be1 72. Ng3+ Kg6 73. Kg4 Bd2 74. Nf5 Be1 75. h5+ Kh7 76. Nd4 Bd2 77. Kf5 Bg5 78. Kg4 Kh6 79.
Nf5+ Kh7 80. Ng3 Kh6 81. Ne4 Kh7 82. Kf5 Kh6 83. Ng3 Kh7 84. Kg4 Kh6 85. Nh1 Kh7 86. Nf2 Kh6 87. Ne4 Kh7 88. Nd6 Kh6 89. Nf7+ Kh7 90. Nd8 Kh6 91. Ne6 Kh7 92. Nc5 Kh6 93.
Ne4 1/2-1/2

[Event "Late-Titled-Tuesday-Blitz-November-28-2023"]
[Site "Chess.com"]
[Date "2023.11.28"]
[Round "2"]
[White "sansanathalia"]
[Black "VitaliyChayka"]
[Result "1-0"]
[WhiteElo "2200"]
[BlackElo "2420"]
[TimeControl "180+1"]
[EndTime "14:19:53 PST"]
[Termination "sansanathalia won by checkmate"]

1. d4 d6 2. Nf3 Nd7 3. e3 e5 4.
dxe5 dxe5 5. Be2 Ngf6 6. O-O Be7 7. b3 O-O 8. Bb2 Bd6 9. h3 Qe7 10. Nbd2 Nb6 11. c4 c5 12. Nh2 e4 13. Qc2 Bf5 14. Rfd1 Rad8 15. Ndf1 Nbd7 16. Ng3 Bg6 17. Rd2 Ne5 18.
Bxe5 Bxe5 19. Rad1 Qc7 20. Nhf1 h6 21. Rxd8 Rxd8 22.
Rxd8+ Qxd8 23. Qd1 Qc7 24. h4 Ne8 25. Bh5 Bxh5 26. Qxh5 Nf6 27. Qd1 g6 28. Qc2 Qc6 29. Qd2 Bc7 30. Nh2 Bxg3 31. fxg3 Qd7 32. Qxd7 Nxd7 33.
Ng4 Kg7 34. Kf2 f5 35. Nh2 Ne5 36. Ke2 Nd3 37. Kd2 Nb4 38. a3 Nd3 39. Nf1 Kf6 40.
Nh2 Ne5 41. Nf1 Nf7 42. Ke2 Nd6 43. Nd2 Ke5 44. Nb1 Ne8 45. Nc3 Nf6 46. Nb5 a6 47.
Nc3 Nh5 48. Kf2 Nf6 49. Na4 Nd7 50. Ke2 g5 51. hxg5 hxg5 52. Nc3 Nf6 53. Na4 Kd6 54.
Nc3 Ng4 55. Kd2 Ne5 56. Nd5 Nd3 57. Nf6 Nf2 58. Ke2 Nd3 59. Kd2 Ke6 60. Ne8 Kd7 61.
Nf6+ Ke6 62. Ne8 Ne5 63. Ng7+ Kf6 64. Ne8+ Ke7 65. Nc7 Nf7 66. Nd5+ Kd6 67. Nc3 Nh6 68. Ke2 Ng8 69. g4 Ke5 70. gxf5 Kxf5 71. Nd5 Nh6 72. Kf2 Ng4+ 73. Ke2 Ne5 74. Ne7+ Ke6 75.
Nd5 Nd3 76. Nc3 Nc1+ 77. Kd1 Nxb3 78. Nxe4 Kf5 79. Nd6+ Ke5 80. Nxb7 Ke4 81. Kc2 Na1+ 82. Kb2 Kxe3 83. Kxa1 Kf2 84. Nxc5 Kxg2 85. Ne6 g4 86. c5 Kf3 87. Nd4+ Ke3 88. Nf5+ Kf4 89. Nh4 Ke5 90. Kb2 Kd5 91. Kc3 Kxc5 92. Ng2 g3 93. Ne3 Kb5 94. Kb3 Ka5 95. Nc4+ Kb5 96. Nd2 Ka5 97.
Nf3 Kb5 98. a4+ Ka5 99. Nd4 g2 100. Ne2 Kb6 101. Kb4 Kc6 102. Kc4 Kb6 103. Kb4 Kc6 104. a5 Kd5 105. Nf4+ Kd4 106. Nxg2 Kd5 107. Ne3+ Kc6 108. Kc4 Kc7 109. Kc5 Kb7 110. Nd5 Ka7 111. Kc6 Kb8 112. Kb6 Ka8 113. Kxa6 Kb8 114. Kb6 Ka8 115. a6 Kb8 116. a7+ Ka8 117. Nc7# 1-0

[Event "Late-Titled-Tuesday-Blitz-November-28-2023"]
[Site "Chess.com"]
[Date "2023.11.28"]
[Round "3"]
[White "jamengrand"]
[Black "Dino_Ballecer"]
[Result "0-1"]
[WhiteElo "2298"]
[BlackElo "2582"]
[TimeControl "180+1"]
[EndTime "14:22:24 PST"]
[Termination "Dino_Ballecer won by resignation"]

1. e4 c5 2. Nf3 d6 3. d4 cxd4 4. Nxd4 Nf6 5. Nc3 g6 6. Be3 Bg7 7. f3 O-O 8. Qd2 Nc6 9. Bc4 Bd7 10. O-O-O Rc8 11. Bb3 Nxd4 12. Bxd4 b5 13. Nd5 Nxd5 14. Bxg7 Kxg7 15. exd5 a5 16. a3 Kg8 17. Rhe1 Re8 18. Re4 Bf5 19. Rd4 a4 20. g4 axb3 21. c3 Bc2 22.
Rh1 Rc4 23. h4 e5 24. dxe6 Rxe6 25. Rd5 Qf6 0-1

[Event "Late-Titled-Tuesday-Blitz-November-28-2023"]
[Site "Chess.com"]
[Date "2023.11.28"]
[Round "3"]
[White "HanSchut"]
[Black "GoltsevDmitry2000"]
[Result "0-1"]
[WhiteElo "2293"]
[BlackElo "2666"]
[TimeControl "180+1"]
[EndTime "14:22:30 PST"]
[Termination "GoltsevDmitry2000 won by resignation"]

1. e4 e6 2. d4 d5 3. e5 c5 4. c3 Nc6 5. Nf3 Nge7 6. Bd3 Nf5 7. Bxf5 exf5 8. h4 Be7 9. h5 h6 10. Bf4 Be6 11. Kf1 Qb6 12. Qd2 Rc8 13.
a3 Na5 14. dxc5 Qxc5 15. b4 Qc4+ 16. Qe2 Nb3 17. Qxc4 Rxc4 18. Ra2 Rxf4 0-1

[Event "Late-Titled-Tuesday-Blitz-November-28-2023"]
[Site "Chess.com"]
[Date "2023.11.28"]
[Round "3"]
[White "kai_nov"]
[Black "dodoucb"]
[Result "1-0"]
[WhiteElo "2268"]
[BlackElo "2512"]
[TimeControl "180+1"]
[EndTime "14:22:50 PST"]
[Termination "kai_nov won by resignation"]

1. d4 d5 2. c4 c6 3. Nf3 Nf6 4. e3 a6 5. Bd3 Nbd7 6. O-O e6 7. Nbd2 dxc4 8. Nxc4 c5 9. a4 b6 10. e4 cxd4 11. e5 Nd5 12. Nxd4 Bb7 13. Nxe6 Qh4 14.
Bg5 1-0

[Event "Late-Titled-Tuesday-Blitz-November-28-2023"]
[Site "Chess.com"]
[Date "2023.11.28"]
[Round "3"]
[White "SouS007"]
[Black "PapaieDudu"]
[Result "1-0"]
[WhiteElo "2636"]
[BlackElo "2408"]
[TimeControl "180+1"]
[EndTime "14:22:57 PST"]
[Termination "SouS007 won by resignation"]

1. Nf3 d5 2. d4 Nf6 3. g3 e6 4.
Bg2 c5 5. O-O Be7 6. c4 O-O 7.
cxd5 exd5 8. dxc5 Bxc5 9. Bg5 Be6 10. Nc3 h6 11. Bxf6 Qxf6 12. Rc1 Rd8 13. Qa4 Nc6 14. Rfd1 Bb6 15. e3 d4 16. Ne4 Qe7 17. Nxd4 Nxd4 18. exd4 f5 19. Nc5 Bd5 20. Bxd5+ Rxd5 21. Qb3 Rd8 22. Re1 Qf7 23. Ne6 R8d7 24. Rc8+ Kh7 25.
Nf8+ Qxf8 26. Rxf8 Bxd4 1-0

[Event "Late-Titled-Tuesday-Blitz-November-28-2023"]
[Site "Chess.com"]
[Date "2023.11.28"]
[Round "3"]
[White "gmpeter008"]
[Black "miraitrunks"]
[Result "1-0"]
[WhiteElo "2513"]
[BlackElo "2046"]
[TimeControl "180+1"]
[EndTime "14:22:59 PST"]
[Termination "gmpeter008 won by resignation"]

1. d4 Nf6 2. Nf3 g6 3. e3 Bg7 4. c4 O-O 5. Be2 d5 6. cxd5 Nxd5 7. O-O Nd7 8. e4 N5b6 9. Nc3 c5 10. d5 Ne5 11.
Be3 Nbd7 12. Nd2 f5 13. f4 Nf7 14. e5 Nb6 15. Nc4 Nxc4 16. Bxc4 b6 17. d6 Kh8 18.
Bxf7 Rxf7 19. Qd5 Bb7 20. Qxf7 exd6 21. Qxb7 1-0

[Event "Late-Titled-Tuesday-Blitz-November-28-2023"]
[Site "Chess.com"]
[Date "2023.11.28"]
[Round "3"]
[White "ElephantChessGenius"]
[Black "mistrzemi"]
[Result "1-0"]
[WhiteElo "2240"]
[BlackElo "2420"]
[TimeControl "180+1"]
[EndTime "14:23:04 PST"]
[Termination "ElephantChessGenius won by resignation"]

1. e4 e5 2. Nf3 Nc6 3. c3 d5 4. Qa4 dxe4 5. Nxe5 Bd6 6. Nxc6 Qd7 7. Qxe4+ Kf8 8.
Nd4 Nf6 9. Qc2 Qg4 10. h3 Qh4 11. Be2 g5 12. Nf3 Qh5 13. Nd4 Qh4 14. Nf5 Qf4 15.
Nxd6 cxd6 16. d4 Qh4 17. Qd2 h6 18. Qe3 Kg7 19. g3 1-0

[Event "Late-Titled-Tuesday-Blitz-November-28-2023"]
[Site "Chess.com"]
[Date "2023.11.28"]
[Round "3"]
[White "chrisclaireredfield"]
[Black "NCchamp"]
[Result "1-0"]
[WhiteElo "2577"]
[BlackElo "2348"]
[TimeControl "180+1"]
[EndTime "14:23:23 PST"]
[Termination "chrisclaireredfield won by resignation"]

1. Nf3 d5 2. g3 c6 3. Bg2 Bg4 4. c4 Nd7 5. cxd5 cxd5 6. Qb3 e6 7. Qxb7 Rb8 8. Qxa7 Ra8 9. Qb7 Rb8 10. Qa6 Qc7 11. O-O Nc5 12. Qa3 Nb3 13. Qa4+ 1-0

[Event "Late-Titled-Tuesday-Blitz-November-28-2023"]
[Site "Chess.com"]
[Date "2023.11.28"]
[Round "3"]
[White "SergioMoralesG"]
[Black "MNyuyu"]
[Result "1-0"]
[WhiteElo "2354"]
[BlackElo "2475"]
[TimeControl "180+1"]
[EndTime "14:23:30 PST"]
[Termination "SergioMoralesG won by checkmate"]

1. d4 d5 2. c4 e6 3. Nf3 Nf6 4. Nc3 Be7 5. Bf4 O-O 6. e3 c5 7. dxc5 Bxc5 8. Qc2 Nc6 9. a3 a6 10. Rd1 Be7 11. Bd3 Qa5 12. cxd5 exd5 13. O-O Be6 14. Ng5 h6 15. Nxe6 fxe6 16. Be2 Rac8 17. Qg6 Kh8 18. Bd3 Qd8 19. Bxh6 gxh6 20. Qxh6+ Kg8 21.
Qg6+ Kh8 22. f4 Qe8 23. Qh6+ Kg8 24. Rf3 Nh5 25. Qh7# 1-0

[Event "Late-Titled-Tuesday-Blitz-November-28-2023"]
[Site "Chess.com"]
[Date "2023.11.28"]
[Round "3"]
[White "Suspenser17"]
[Black "JackRodgers"]
[Result "0-1"]
[WhiteElo "2339"]
[BlackElo "2569"]
[TimeControl "180+1"]
[EndTime "14:23:36 PST"]
[Termination "JackRodgers won by resignation"]

1. e4 c5 2. c3 g6 3. d4 cxd4 4. cxd4 d5 5. exd5 Nf6 6. Bb5+ Nbd7 7. Nc3 Bg7 8. Nge2 O-O 9. Nf4 Nb6 10. Qb3 h6 11. O-O g5 12. Nfe2 Nbxd5 13. Nxd5 Nxd5 14.
Bd2 Be6 15. Bc4 Rc8 16. Nc3 Nxc3 17. Bxe6 Ne2+ 18. Kh1 Nxd4 19. Bxf7+ Rxf7 20. Qxb7 Qc7 21. Qa6 Qc6 22. Qxa7 Ra8 0-1